[Event "EU-ch 12th"]
[Site "Aix les Bains"]
[Date "2011.03.26"]
[Round "5"]
[White "Potkin, Vladimir"]
[Black "Savchenko, Boris"]
[Result "1-0"]
[ECO "A52"]
[WhiteElo "2653"]
[BlackElo "2616"]
[Annotator "Cebalo,M/Primel,D"]
[PlyCount "47"]
[EventDate "2011.03.22"]
[EventType "swiss"]
[EventRounds "11"]
[EventCountry "FRA"]
[SourceTitle "CBM 142 Extra"]
[Source "ChessBase"]
[SourceDate "2011.06.27"]
[SourceVersion "1"]
[SourceVersionDate "2011.06.27"]
[SourceQuality "1"]
[TimeControl "40/5400+30:1800+30"]

1. d4 Nf6 2. c4 e5 3. dxe5 Ng4 4. Bf4 Nc6 5. Nf3 Bb4+ 6. Nbd2 (6. Nc3 Bxc3+ 7.
bxc3 Qe7 8. Qd5 f6 9. exf6 Nxf6 10. Qd3 d6 11. e3 O-O 12. Be2 Ne4 $44) 6... Qe7
7. e3 Ngxe5 8. Nxe5 Nxe5 9. Be2 b6 (9... O-O {La grande ligne} 10. O-O d6 11.
Nb3 $14) 10. O-O Bb7 (10... Bxd2 {L'alternative} 11. Qxd2 Bb7 12. Rac1 d6 13.
b4 O-O 14. c5 dxc5 15. bxc5 Rad8 16. Qc3 $14 {[%emt 0:33:13] Alterman,B (2585)
-Blatny,P (2510) /Pardubice (2)/1/2-1/2}) 11. Nf3 (11. Nb3 $5 O-O 12. a3 $14)
11... Bxf3 (11... f6 $5 12. Nxe5 fxe5 13. Bf3 exf4 14. Bxb7 fxe3 15. fxe3 (15.
Bxa8 e2) 15... Rb8 (15... Qxe3+) 16. Bf3) 12. Bxf3 Rd8 (12... Nxf3+ 13. Qxf3
O-O 14. Qb7) (12... c6 $142 13. Be2 O-O 14. a3 Bd6 15. Qc2 Bc7 16. Rad1) 13.
Be2 Bd6 $6 {[%csl Rd6,Rd8] Une nouveauté qui ne fait pas très
bonne impression et ce coup est très laid} (13... O-O {[%emt 0:33:07] Schoen,W
(2440)-Motwani,P (2425)/Netanya op (10)/1/2-1/2}) 14. Qc2 h5 {
Optimiste} (14... O-O 15. Rad1 Rfe8 (15... a5)) 15. Rad1 $14 {Une des deux
feuilles mentionne le signe = après Rad1 mais il est difficile de dire s'il
s'agit d'une proposition de nulle (=) ou d'une simple appréciation а
postériori de la position.} c6 $6 {Cebalo,M: While White is playing normal,
logical chess, Black jumps from one plan to another. The logical continuation
of his previous move would have been 15...g5 but after 16.Bxe5 Qxe5 17.g3 h4
18.Rd5 Qg7 19.Bg4 White would be still better.} (15... h4 16. Rd4 (16. h3 O-O ) 16... h3) (15... g5 $5 {Arsovic inf 111}) 16. Rd4 Bc7 17. h4 g6 18. Bg5 $40 f6 19. f4 $18 fxg5 20. fxe5 Qg7 21. Rf6
Bxe5 22. Rxg6 Qe7 23. Bxh5 Bh2+ 24. Kh1 1-0